Map: 얼어붙은 사원

Players

True - Winner!

  • Race: Zerg Zerg
  • League: Grandmaster

llllllllllll

  • Race: Zerg Zerg
  • League: Grandmaster

VOD

Have the link to the VOD?

Description

Time

  • Played on: April 7, 2016, 3:37 a.m.
  • Length: 3:04
Show
View Real Time Build Order
Export as new Build Order

True Zerg - Winner!

Build Orders: Pool First 

Get SALT Encoding   

  12  0:00  Drone  
  13  0:13  Extractor  
  12  0:24  Spawning Pool  
  12  0:28  Drone  
  12  0:33  Drone  
  13  0:38  Drone  
  14  0:49  Overlord  
  14  1:11  Queen  
  14  1:14  Metabolic Boost  
  14  1:18  Zergling x2  
  17  1:22  Zergling x2  
  18  1:26  Zergling x2  
  18  1:30  Zergling x2  
  20  1:40  Zergling x2  
  21  1:58  Hatchery  
  20  2:03  Overlord  
  20  2:08  Zergling x2  
  21  2:14  Zergling x2  
  22  2:23  Zergling x6  
  22  2:28  Zergling x2  
  26  2:40  Zergling x2  
Show
View Real Time Build Order
Export as new Build Order

llllllllllll Zerg 

Build Orders: Hatch First 

Get SALT Encoding   

  12  0:00  Drone  
  13  0:15  Overlord  
  13  0:17  Drone  
  14  0:34  Drone x2  
  16  0:38  Drone  
  17  0:53  Hatchery  
  17  0:56  Drone  
  17  1:00  Drone  
  18  1:06  Extractor  
  18  1:11  Drone  
  18  1:20  Spawning Pool  
  18  1:23  Drone  
  19  1:32  Drone  
  19  1:42  Overlord  
  19  2:00  Drone  
  20  2:04  Drone  
  20  2:07  Queen x2  
  25  2:10  Zergling x2  
  25  2:14  Drone  
  27  2:17  Drone  
  28  2:25  Drone  
  28  2:26  Zergling x2  
  28  2:29  Baneling Nest  
  29  2:35  Zergling x2  
  28  2:38  Zergling x2  
Tags
 
Add a new tag
Caveats
  • Supply blocks, unpowered buildings, or Contaminate may cause inaccurate times.
  • Supply counts are checked every 10 seconds.